 Dungeon Crawl Stone Soup version 0.17-a0-1731-g129c023 (webtiles) character file.

7306 kae the Severer (level 11, -4/102 HPs)
             Began as a Hill Orc Fighter on Aug 29, 2015.
             Was a Priest of Qazlal.
             Slain by a blink frog (15 damage)
             ... on level 1 of the Lair of Beasts.
             The game lasted 00:10:27 (8858 turns).

kae the Severer (Hill Orc Fighter)                  Turns: 8858, Time: 00:10:27

Health: -4/102     AC: 11    Str: 23    XL:     11   Next: 13%
Magic:  16/16      EV: 11    Int:  8    God:    Qazlal [***...]
Gold:   417        SH:  4    Dex: 10    Spells: 0 memorised, 10 levels left

rFire  . . .     SeeInvis .     s - +2 battleaxe
rCold  . . .     Clarity  .     b - +0 scale mail
rNeg   . . .     SustAt   .     (no shield)
rPois  .         Gourm    .     x - +2 helmet
rElec  .         Spirit   .     t - +0 cloak
rCorr  .         Warding  .     (no gloves)
rMut   .         Stasis   .     (no boots)
MR     .....                    (no amulet)
Stlth  ..........               (no ring)
                                l - +2 ring of evasion

@: about to teleport, not resistant to hostile enchantments, extremely
unstealthy
A: no striking features
a: Upheaval, Elemental Force, Renounce Religion


You were on level 1 of the Lair of Beasts.
You worshipped Qazlal.
Qazlal was most pleased with you.
You were not hungry.

You visited 3 branches of the dungeon, and saw 11 of its levels.

You collected 417 gold pieces.

Inventory:

Hand weapons
 a - a +1 war axe
 s - a +2 battleaxe (weapon)
Armour
 b - a +0 scale mail (worn)
 c - a +0 shield
 t - a +0 cloak (worn)
 x - a +2 helmet (worn)
Jewellery
 l - a +2 ring of evasion (left hand)
 q - an uncursed ring of positive energy {unknown}
 H - an uncursed ring of sustain attributes {unknown}
Magical devices
 y - a wand of teleportation (1)
 D - a wand of slowing (29)
Scrolls
 f - a scroll of teleportation
 i - a scroll of enchant weapon
 j - 7 scrolls of remove curse
 k - 2 scrolls of enchant armour
 o - a scroll of fog
 p - a scroll of identify
 A - a scroll of amnesia
Potions
 d - 2 potions of might
 g - 3 potions of invisibility
 n - a potion of poison
 r - a potion of brilliance
 v - a potion of haste
 w - 3 potions of curing
 z - a potion of lignification
 B - a potion of degeneration {unknown}
 C - a potion of agility
 E - a potion of flight
 F - a potion of magic
Books
 I - a book of Unlife

   Spells                             Type                      Level
   a - Recall                         Summoning/Translocation      3
   b - Animate Dead                   Necromancy                   4
   c - Control Undead                 Necromancy                   4
   d - Cigotuvi's Embrace             Necromancy                   5
   e - Death Channel                  Necromancy                   6
   f - Simulacrum                     Ice/Necromancy               6
Comestibles
 e - 9 bread rations
 h - 6 meat rations
 m - 4 beef jerkies
 u - a chunk of flesh
 G - a slice of pizza


   Skills:
 - Level 11.3 Fighting
 - Level 16.0 Axes
 - Level 3.2 Armour
 - Level 3.2 Shields
 + Level 6.9 Invocations


You had 10 spell levels left.
You didn't know any spells.

Dungeon Overview and Level Annotations

Branches:
Dungeon (9/15)             Temple (1/1) D:4            Lair (1/8) D:8
    Orc: D:9-12

Altars:
Ashenzari
Cheibriados
Dithmenos
Elyvilon
Fedhas
Gozag
Kikubaaqudgha
Makhleb
Nemelex Xobeh
Okawaru
Qazlal
Ru
Sif Muna
Trog
Vehumet
Xom
Yredelemnul
Zin
The Shining One

Shops:
D:5 *


Message History

Unknown command.
Unknown command.
Unknown command.
Unknown command.
The yak bellows!
You slice the yak!!
The yak is heavily wounded.
You miss the blink frog.
The blink frog is lightly wounded.
You hit the blink frog.
The blink frog is moderately wounded.
The blink frog momentarily phases out as your attack passes through it.
You miss the blink frog.
The blink frog is moderately wounded.
You slice the blink frog!!
The blink frog is severely wounded.
The blink frog hits you.
* * * LOW HITPOINT WARNING * * *
The blink frog blinks!
The blink frog hits you!
You die...

#####.##...#
♣....###...#
♣♣..<.....#
♣...##...#
♣........#
♣######..##
♣#####....#
###.♣♣♣♣#.#.##§..##
.........Y†.Y@F..#
......YY....FFF..#
......(...F....§.#
.....#.#.#.###P..♣
##.#.######♣ ♣♣♣♣♣
.. [ . . ..


You could see 4 yaks and 5 blink frogs.

Vanquished Creatures
  Joseph (D:8)
  A spiny frog (shapeshifter) (D:9)
  A fire drake (D:8)
  4 blink frogs (Lair:1)
  A spriggan (D:7)
  2 hungry ghosts
  A basilisk (Lair:1)
  A hippogriff (D:8)
  The ghost of kae the Chopper, an average HOFi (D:5)
  A wyvern (D:8)
  3 wolves (Lair:1)
  Menkaure (D:4)
  7 yaks
  A water moccasin (D:9)
  Duvessa (D:5)
  2 orc warriors
  A wasp (D:5)
  A necrophage (D:7)
  2 ice beasts
  An ogre (D:7)
  A big kobold (D:9)
  4 giant frogs
  2 gnoll sergeants (D:6)
  A wyvern skeleton (D:9)
  A scorpion (D:4)
  Dowan (D:5)
  3 killer bees (D:9)
  8 wights
  4 crimson imps
  2 giant frog skeletons
  6 hounds
  2 jellies
  4 orc wizards
  Crazy Yiuf (D:3)
  2 iguanas
  2 orc priests
  Ijyb (D:3)
  A centaur zombie (D:7)
  9 worker ants
  A killer bee zombie (D:8)
  10 gnolls
  Robin (D:3)
  11 adders
  2 worker ant zombies
  2 shadow imps
  2 oozes
  2 worms
  5 giant geckos
  25 orcs
  4 ball pythons (D:3)
  9 bats
  5 goblins
  6 hobgoblins
  6 giant cockroaches
  6 giant newts
  14 kobolds
  5 rats
205 creatures vanquished.

Vanquished Creatures (others)
  2 minotaurs (D:1)
  A gargoyle (D:1)
  A vine stalker (D:1)
  An elf (D:1)
  2 trolls (D:1)
  2 spriggans (D:1)
  A formicid (D:1)
  A vampire (D:1)
  2 dwarves (D:1)
  An orc (D:1)
  A kobold (D:1)
  5 tentacles (D:1)
  88 tentacle segments (D:1)
108 creatures vanquished.

Grand Total: 313 creatures vanquished

Notes
Turn   | Place    | Note
--------------------------------------------------------------
     0 | D:1      | kae the Hill Orc Fighter began the quest for the Orb.
     0 | D:1      | Reached XP level 1. HP: 19/19 MP: 1/1
     2 | D:1      | Noticed an elf
     2 | D:1      | Noticed a spriggan
     2 | D:1      | Noticed a troll
     2 | D:1      | Noticed a dwarf
     2 | D:1      | Noticed a formicid
     2 | D:1      | Noticed a vampire
     2 | D:1      | Noticed a gargoyle
     2 | D:1      | Noticed a kraken
     2 | D:1      | Noticed a troll
     2 | D:1      | Noticed a minotaur
     2 | D:1      | Noticed a minotaur
     2 | D:1      | Noticed a vine stalker
     2 | D:1      | Noticed a dwarf
     2 | D:1      | Noticed a spriggan
     3 | D:1      | Killed a spriggan
     4 | D:1      | Killed a dwarf
     6 | D:1      | Killed an elf
     7 | D:1      | Killed a troll
     7 | D:1      | Killed a vampire
    10 | D:1      | Killed a minotaur
    10 | D:1      | Killed a minotaur
    10 | D:1      | Killed a gargoyle
    10 | D:1      | Killed a spriggan
    11 | D:1      | Killed a vine stalker
    11 | D:1      | Killed a formicid
    12 | D:1      | Killed a troll
    12 | D:1      | Killed a dwarf
   154 | D:1      | Reached XP level 2. HP: 24/26 MP: 2/2
   258 | D:1      | Reached skill level 4 in Axes
   383 | D:1      | Found a glowing golden altar of the Shining One.
   609 | D:1      | Reached XP level 3. HP: 29/31 MP: 3/3
   628 | D:1      | You fall through a shaft!
   899 | D:2      | Reached skill level 5 in Axes
  1039 | D:2      | Reached XP level 4. HP: 35/39 MP: 4/4
  1421 | D:3      | Noticed Ijyb
  1434 | D:3      | Killed Ijyb
  1434 | D:3      | Reached skill level 6 in Axes
  1490 | D:3      | Noticed Crazy Yiuf
  1501 | D:3      | Killed Crazy Yiuf
  1501 | D:3      | Reached XP level 5. HP: 31/45 MP: 5/5
  1726 | D:3      | Reached skill level 7 in Axes
  1815 | D:3      | Noticed Robin
  1825 | D:3      | Killed Robin
  1989 | D:3      | Reached skill level 8 in Axes
  1989 | D:3      | Reached XP level 6. HP: 44/51 MP: 6/6
  2467 | D:4      | Reached skill level 9 in Axes
  2535 | D:4      | Reached XP level 7. HP: 51/57 MP: 7/7
  2716 | D:4      | Reached skill level 10 in Axes
  2729 | D:4      | Noticed Menkaure
  2741 | D:4      | Killed Menkaure
  3084 | D:4      | Found a staircase to the Ecumenical Temple.
  3114 | Temple   | Entered the Ecumenical Temple
  3204 | Temple   | Became a worshipper of Qazlal Stormbringer
  3235 | D:5      | Entered Level 5 of the Dungeon
  3373 | D:5      | Found an opulent altar of Gozag.
  3375 | D:5      | Noticed Duvessa
  3375 | D:5      | Noticed Dowan
  3379 | D:5      | Noticed kae's ghost (average HOFi)
  3379 | D:5      | Found Gozag's Platinum Reserve.
  3744 | D:5      | Reached skill level 11 in Axes
  3827 | D:5      | Killed kae's ghost
  3827 | D:5      | Reached XP level 8. HP: 23/64 MP: 8/8
  4057 | D:5      | Found a basalt altar of Yredelemnul.
  4191 | D:5      | Paralysed by a wasp for 3 turns
  4201 | D:5      | Reached skill level 12 in Axes
  4665 | D:5      | Killed Dowan
  4734 | D:5      | Killed Duvessa
  5007 | D:6      | Reached skill level 13 in Axes
  5050 | D:6      | Acquired Qazlal's first power
  5420 | D:6      | Reached skill level 14 in Axes
  5420 | D:6      | Reached XP level 9. HP: 54/70 MP: 9/9
  6055 | D:7      | Reached skill level 15 in Axes
  6067 | D:7      | Acquired Qazlal's second power
  6116 | D:7      | Found a basalt altar of Yredelemnul.
  6454 | D:8      | Reached skill level 16 in Axes
  6502 | D:8      | Noticed Joseph
  6516 | D:8      | Killed Joseph
  6516 | D:8      | Reached skill level 5 in Fighting
  6769 | D:8      | Noticed a fire drake
  6770 | D:8      | Found a staircase to the Lair.
  6782 | D:8      | Killed a fire drake
  6782 | D:8      | Reached XP level 10. HP: 52/84 MP: 10/10
  7903 | D:9      | Reached skill level 10 in Fighting
  8657 | D:9      | Acquired Qazlal's third power
  8745 | Lair:1   | Entered Level 1 of the Lair of Beasts
  8777 | Lair:1   | Reached XP level 11. HP: 53/102 MP: 11/14
  8778 | Lair:1   | Reached skill level 5 in Invocations
  8858 | Lair:1   | Slain by a blink frog

Vault maps used:
D:1:      nicolae_arrival_kraken_aquarium_b, kennysheep_flooded_box,
          serial_bayou_pond_e
D:2:      first_bread
D:3:      minmay_snake_closets, uniq_iyjb, uniq_robin, uniq_crazy_yiuf_cottage
D:4:      temple_statues, uniq_menkaure
D:5:      basic_altar, nicolae_gozag_zags_fifth_avenue, uniq_duvessa
D:7:      overflow_temple_1_default, the_bakery
D:8:      minmay_lair_entry_lava, hangedman_abyss_or_decor_jellyfish_corner,
          uniq_joseph
Temple:   grunt_circular_temple_18
Lair:1:   serial_forest, infiniplex_forest_split,
          infiniplex_forest_clump_diagonal, infiniplex_forest_clump_cross,
          infiniplex_forest_zigzag_1, infiniplex_forest_clump_tiny,
          infiniplex_forest_diagonal, wad_woods_06, tgw_fedhas

Action                   |  1- 3 |  4- 6 |  7- 9 | 10-12 || total
-------------------------+-------+-------+-------+-------++-------
Melee: War axe           |   119 |   157 |   369 |    21 ||   666
       Battleaxe         |       |       |       |   132 ||   132
  Use: Scroll            |       |       |    14 |     1 ||    15
       Potion            |       |       |     7 |     3 ||    10
  Eat: Chunk             |       |     5 |    10 |     2 ||    17
       Fruit             |       |       |     2 |       ||     2
       Bread ration      |       |       |     1 |     1 ||     2
       Beef jerky        |       |       |     1 |       ||     1
